 Dungeon Crawl Stone Soup version 0.27-a0-1242-ge70438ac7b (webtiles) character file.

Game seed: 8357469644972441875

236 EiAlmux the Sneak (level 5, 0/27 HPs)
             Began as a Spriggan Brigand on June 9, 2021.
             Slain by a river rat (5 damage)
             ... on level 4 of the Dungeon.
             The game lasted 00:13:27 (3940 turns).

EiAlmux the Sneak (Spriggan Brigand)                Turns: 3940, Time: 00:13:27

Health: 0/27       AC:  3    Str:  7    XL:     5   Next: 77%
Magic:  6/6        EV: 19    Int: 13    God:
Gold:   131        SH:  0    Dex: 17    Spells: 4/4 levels left

rFire    . . .     SeeInvis +   a - +2 dagger
rCold    . . .     Faith    .   (shield restricted)
rNeg     . . .     Spirit   .   b - +0 robe
rPois    .         Reflect  .   (helmet restricted)
rElec    .         Harm     .   c - +0 cloak
rCorr    .         Rampage  .   (gloves unavailable)
Will     .....                  (boots unavailable)
Stlth    ++........             (no amulet)
HPRegen  0.09/turn              (no ring)
MPRegen  0.10/turn              (no ring)

@: slow
A: very small, no large weapons, unfitting armour, see invisible, speed 3
a: no special abilities


You were on level 4 of the Dungeon.
You visited 1 branch of the dungeon, and saw 4 of its levels.

You collected 131 gold pieces.

Inventory:

Hand Weapons
 a - a +2 dagger (weapon)
Missiles
 d - 19 poisoned darts (quivered)
 e - 2 curare-tipped darts
 g - 131 stones
 o - 6 silver boomerangs
Armour
 b - a +0 robe (worn)
 c - a +0 cloak (worn)
Jewellery
 t - a ring of ice
 w - a ring of positive energy
Scrolls
 f - 2 scrolls of amnesia {unknown}
 h - a scroll of immolation {unknown}
 i - a scroll of fog {unknown}
 l - 2 scrolls of identify {unknown}
 m - a scroll of noise {unknown}
 r - a scroll of blinking {unknown}
 u - a scroll of teleportation {unknown}
Potions
 j - a potion of brilliance {unknown}
 k - a potion of flight {unknown}
 n - 3 potions of curing {unknown}
 p - a potion of lignification {unknown}
 q - a potion of might {unknown}
 s - a potion of haste {unknown}
 v - a potion of berserk rage {unknown}
 x - a potion of mutation {unknown}


   Skills:
 - Level 2.5 Fighting
 + Level 3.9 Short Blades
 - Level 2.0 Throwing
 + Level 4.2 Dodging
 + Level 7.4 Stealth


You had 4 spell levels left.
You didn't know any spells.
Your spell library contained the following spells:

 Spells                   Type           Power      Damage    Failure   Level
 Animate Skeleton         Necr           0%         N/A       30%         1
 Pain                     Necr           0%         1d4       30%         1
 Confusing Touch          Hex            0%         N/A       67%         3
 Gell's Gravitas          Tloc           0%         N/A       67%         3
 Vampiric Draining        Necr           0%         2d6       67%         3
 Animate Dead             Necr           0%         N/A       97%         4
 Petrify                  Tmut/Erth      0%         N/A       97%         4
 Agony                    Necr           0%         N/A       100%        5
 Metabolic Englaciation   Hex/Ice        0%         N/A       100%        5
 Yara's Violent Unravell  Hex/Tmut       0%         3d3       100%        5


Dungeon Overview and Level Annotations

Branches:
Dungeon (4/15)
 Temple: D:4-7

Altars:
Fedhas
Trog
The Shining One

Shops:
D:1 *

Portals:
Sewer: D:4

Annotations:
D:4 Blork the orc


Innate Abilities, Weirdness & Mutations

You are very small and have problems with some larger weapons.
You are too small for most types of armour.
You have supernaturally acute eyesight. (SInv)
You cover ground extremely quickly. (Speed+++)


Message History

The river rat is heavily wounded.
The river rat completely misses you.
You hit the river rat.
The river rat is severely wounded.
Your unstable footing causes you to fumble your attack.
The river rat bites you!
* * * LOW HITPOINT WARNING * * *
You barely miss the river rat.
The river rat is severely wounded.
The river rat closely misses you.
You enter the shallow water.
Moving in this stuff is going to be slow.
You enter the shallow water.
Moving in this stuff is going to be slow.
The river rat completely misses you.
You see here a giant cockroach corpse.
You enter the shallow water.
Moving in this stuff is going to be slow.
You enter the shallow water.
Moving in this stuff is going to be slow.
You enter the shallow water.
Moving in this stuff is going to be slow.
You see here a rat corpse.
The river rat bites you.
* * * LOW HITPOINT WARNING * * *
The river rat closely misses you.
You see here a river rat corpse.
Press: ? - help, v - describe, . - travel Some shallow water.
You hear the rapid rusting of a drain.
You enter the shallow water.
Moving in this stuff is going to be slow.
You are too injured to fight recklessly!
Your unstable footing causes you to fumble your attack.
The river rat bites you.
* * * LOW HITPOINT WARNING * * *
You hit the river rat.
The river rat is severely wounded.
The river rat bites you.
You die...

#. ##≈≈.≈.†≈##..## ##.. #.
#≈#######≈#.#.## #.. #.
#.##≈≈.≈#≈#....# #.. #.
#≈#≈###≈#≈###.## ### #.
#≈##≈∩#≈#≈# #.# #. #≈#####≈#≈#
#.# #.## ####†≈≈≈.##†# #<#
##### #.<##
#..########≈###.###....
##...###.#†..@r≈≈.##..........
#.....##.###########.#.###>...
#.......#.............#÷#######
##..So.###.......##........#
##...## ####.........#.##.#
.o... ########.###.#.# #.#.#.#
#..#.##B# #.#.#.# #.#.###O####
#.#.... #..........O


You could see a river rat.

Vanquished Creatures
  Jessica (D:2)
  Terence (D:2)
  A gnoll (D:1)
  5 adders
  A howler monkey skeleton (D:4)
  A river rat (D:4)
  3 worms
  5 dart slugs
  2 orcs
  8 endoplasms
  4 giant cockroaches
  2 goblins
  8 hobgoblins
  9 jackals
  5 kobolds
  5 quokkas
  6 ball pythons
  10 bats
  4 frilled lizards
  13 rats
94 creatures vanquished.

Notes
Turn   | Place    | Note
-------+----------+-------------------------------------------
     0 | D:1      | EiAlmux the Spriggan Brigand began the quest for the Orb.
     0 | D:1      | Reached XP level 1. HP: 10/10 MP: 2/2
    53 | D:1      | Found Teacionn's General Store.
   142 | D:1      | Reached skill level 6 in Stealth
   142 | D:1      | Reached XP level 2. HP: 15/15 MP: 3/3
   208 | D:1      | Found a faded altar of an unknown god.
   419 | D:1      | Reached XP level 3. HP: 18/18 MP: 4/4
  1096 | D:2      | Reached XP level 4. HP: 23/23 MP: 5/5
  1277 | D:2      | Found a glowing golden altar of the Shining One.
  1493 | D:2      | Noticed Jessica
  1496 | D:2      | Killed Jessica
  1627 | D:2      | Noticed Terence
  1841 | D:2      | Killed Terence
  1842 | D:2      | Reached skill level 7 in Stealth
  1842 | D:2      | Reached XP level 5. HP: 22/27 MP: 6/6
  2405 | D:3      | Found a blossoming altar of Fedhas.
  3194 | D:4      | Noticed an ogre
  3577 | D:4      | Noticed a black bear
  3588 | D:4      | Noticed a black bear
  3599 | D:4      | Found a bloodstained altar of Trog.
  3658 | D:4      | Noticed Blork the orc
  3702 | D:4      | Noticed a phantom
  3886 | D:4      | Found a glowing drain.
  3940 | D:4      | Slain by a river rat

Illustrated notes

Levels and vault maps discovered:
D:1:      shiori_shiawase, layout_rooms, serial_shops, shop,
          chequers_ecumenical_altar_simple_redux
D:2:      minmay_chambers_of_twos, layout_loops_cross, minmay_hexomino_r4,
          uniq_terence, uniq_jessica
D:3:      layout_rooms, fedhas_altar_1, minmay_misc_feat_enclosed,
          nrook_loot_triangle, hangedman_abyss_or_decor_stabs,
          minmay_misc_feat_encased, minmay_fractal_squares_5
D:4:      layout_loops_cross, trog_ov_bears_minmay, gup_sewer_entry_spiral,
          kennysheep_generic_room_2, uniq_blork_the_orc

Skill      XL: |  1  2  3  4  5 |
---------------+----------------+-----
Dodging        | 2 3 4 |  4.2
Stealth        | 6 7 |  7.4
Fighting       | 2 |  2.5
Short Blades   | 3 |  3.9
Throwing       | |  2.0

Action                   |  1- 3 |  4- 6 || total
-------------------------+-------+-------++-------
Melee: Dagger            |   100 |   263 ||   363
Throw: Dart              |       |     6 ||     6
 Stab: Sleeping          |    12 |    14 ||    26
Armor: Robe              |     7 |    31 ||    38
Dodge: Dodged            |    72 |   200 ||   272

Table legend: (Time is in decaauts)
 A = Elapsed time spent in this place.
 B = Non-inter-level travel time spent in this place.
 C = Inter-level travel time spent in this place.
 D = Time resting spent in this place.
 E = Time spent auto-exploring this place.
 F = Levels seen in this place.
 G = Mean time per level.
                   A        B        C        D        E       F      G
               +--------+--------+--------+--------+--------+-----+--------+
         Total |   3116 |   3056 |     60 |    457 |   1717 |   4 |  779.0 |
       Dungeon |   3116 |   3056 |     60 |    457 |   1717 |   4 |  779.0 |
               +--------+--------+--------+--------+--------+-----+--------+

Top non-repeatable levels by time:
     D:3: 1129 daAuts
     D:2: 1028 daAuts
     D:1: 604 daAuts
     D:4: 354 daAuts
